 Dungeon Crawl Stone Soup version 0.28.0-53-g5a82cb258f (webtiles) character file.

Game seed: 3863501536722123494

149 safid the Chopper (level 5, -1/41 (46) HPs)
             Began as a Hill Orc Fighter on Aug 15, 2022.
             Slain by a wight
             ... wielding a +4 battleaxe
              (7 damage)
             ... on level 3 of the Dungeon.
             The game lasted 00:03:41 (2703 turns).

safid the Chopper (Hill Orc Fighter)                Turns: 2703, Time: 00:03:41

HP:   -1/41 (46)    AC: 10    Str: 21    XL:     5   Next: 31%
MP:   5/5           EV:  7    Int:  8    God:
Gold: 89            SH:  4    Dex: 10    Spells: 4/4 levels left

rFire   . . .      SeeInvis .   l - +2 war axe (freeze)
rCold   . . .      Faith    .   c - +0 buckler
rNeg    . . .      Spirit   .   o - +0 chain mail
rPois   .          Reflect  .   (no helmet)
rElec   .          Harm     .   (no cloak)
rCorr   .          Rampage  .   (no gloves)
Will    .....                   h - +0 pair of boots
Stlth   ..........              (no amulet)
HPRegen 0.13/turn               (no ring)
MPRegen 0.09/turn               (no ring)

@: heavily drained
A: no striking features
a: no special abilities


You were on level 3 of the Dungeon.
You visited 1 branch of the dungeon, and saw 4 of its levels.

You collected 89 gold pieces.

Inventory:

Hand Weapons
 l - a +2 war axe of freezing (weapon)
Missiles
 k - 3 poisoned darts (quivered)
 n - 6 javelins
Armour
 c - a +0 buckler (worn)
 h - a +0 pair of boots (worn)
 o - a +0 chain mail (worn)
Scrolls
 a - a scroll of enchant armour {unknown}
 f - 5 scrolls of identify {unknown}
 g - a scroll of noise {unknown}
 i - 2 scrolls of teleportation {unknown}
 j - a scroll of vulnerability {unknown}
 m - a scroll of blinking {unknown}
 p - a scroll of fog {unknown}
Potions
 b - a potion of invisibility {unknown}
 d - a potion of might
 e - 2 potions of brilliance {unknown}
 q - a potion of attraction {unknown}
 r - a potion of haste {unknown}


   Skills:
 - Level 4.0 Fighting
 + Level 5.7 Axes
 - Level 4.0 Armour
 - Level 4.0 Shields


You had 4 spell levels left.
You didn't know any spells.
Your spell library contained the following spells:

 Spells                   Type           Power      Damage    Failure   Level
 Conjure Ball Lightning   Conj/Air       0%         3x3d6     100%        6
 Discord                  Hex            0%         N/A       100%        8
 Disjunction              Tloc           0%         N/A       100%        8


Dungeon Overview and Level Annotations

Branches:
Dungeon (4/15)
 Temple: D:4-7

Altars:
Gozag


Message History

The bullfrog skeleton barely misses you.
You hit the bullfrog skeleton.
The bullfrog skeleton is moderately damaged.
The bullfrog skeleton barely misses you.
The bullfrog skeleton hits you.
You slash the bullfrog skeleton!
The bullfrog skeleton is heavily damaged.
The bullfrog skeleton hits you but does no damage.
The bullfrog skeleton barely misses you.
You barely miss the bullfrog skeleton.
The bullfrog skeleton is heavily damaged.
You block the bullfrog skeleton's attack.
You hit the bullfrog skeleton.
The bullfrog skeleton is severely damaged.
You closely miss the wight.
The bullfrog skeleton barely misses you.
The wight hits you from afar with a +0 spear.
The wight hits you with a +4 battleaxe!
You feel drained. The bullfrog skeleton hits you.
The wight hits you with a +4 battleaxe! The wight hits you but does no damage.
The wight hits you but does no damage.
The bullfrog skeleton hits you but does no damage.
There is a stone staircase leading up here.
The bullfrog skeleton completely misses you.
The wight hits you with a +4 battleaxe!
* * * LOW HITPOINT WARNING * * *
You climb upwards.
There is a stone staircase leading down here.
Unknown command.
You are too injured to fight recklessly!
You slash the wight!
The wight is almost destroyed.
The wight closely misses you.
You hit the wight but do no damage.
The wight is almost destroyed.
The wight barely misses you.
You completely miss the wight.
The wight is almost destroyed.
The wight hits you with a +4 battleaxe!
You die...

#.........#......#.#..#.##..#.#..
..........#......#.#..#.##.......
.....#................#.##..#....
....###...#..#...#...............
....####.........#.#....##.###..#
.......#...........#..####.# #..#
.......#..#.###..#.#..# #.# #..#
.......#.........#.##.####.# #..#
.......#..#.####@#..#......######
#.........#.# #z#.........#...#.
######.##.#.# #.##.####...'.).#.
#......# #.##.# #.#.#...#.
######## #.##.# #...#####. #.##.#
#.#....##. #.##.# #.......#.
#....# #.#.)..... ####.#
#.#.##.##.


You could see a wight.

Vanquished Creatures
  An orc wizard (D:3)
  4 adders
  A dart slug (D:1)
  11 orcs (D:3)
  2 bats (D:2)
  6 endoplasms
  4 giant cockroaches
  8 hobgoblins
  4 jackals
  A quokka (D:1)
  2 ball pythons (D:2)
  7 frilled lizards
  4 goblins
  10 kobolds
  5 rats
70 creatures vanquished.

Vanquished Creatures (others)
  2 plants (D:1)
2 creatures vanquished.

Grand Total: 72 creatures vanquished

Notes
Turn   | Place    | Note
-------+----------+-------------------------------------------
     0 | D:1      | safid the Hill Orc Fighter began the quest for the Orb.
     0 | D:1      | Reached XP level 1. HP: 19/19 MP: 1/1
   271 | D:1      | Reached skill level 3 in Axes
   279 | D:1      | Reached XP level 2. HP: 26/27 MP: 2/2
   840 | D:1      | Reached XP level 3. HP: 33/33 MP: 3/3
  1065 | D:2      | Found a faded altar of an unknown god.
  1429 | D:2      | Reached XP level 4. HP: 35/40 MP: 4/4
  1461 | D:2      | Found an opulent altar of Gozag.
  1823 | D:3      | Reached skill level 4 in Axes
  2085 | D:3      | Reached skill level 5 in Axes
  2099 | D:3      | Reached XP level 5. HP: 43/46 MP: 5/5
  2703 | D:3      | Slain by a wight

Illustrated notes

Levels and vault maps discovered:
D:1:      shiori_arrival_oz, layout_basic, serial_bayou_lagoon_a,
          serial_park_tiny_pond, minmay_tetromino_t2
D:2:      layout_loops_ring, basic_altar, hellmonk_ecumenical_altar_arch_garden,
          minmay_misc_feat_hallway, minmay_close_crescents
D:3:      layout_basic, eino_tiny_chamber
D:4:      layout_cave_pods, guppyfry_shop_venom

Skill      XL: |  1  2  3  4 |
---------------+-------------+-----
Axes           | 3 5 |  5.7
Fighting       | 4 |  4.0
Armour         | 4 |  4.0
Shields        | 4 |  4.0

Action                   |  1- 3 |  4- 6 || total
-------------------------+-------+-------++-------
Melee: War axe           |   106 |    68 ||   174
Armor: Scale mail        |    59 |    22 ||    81
       Chain mail        |       |    11 ||    11
Dodge: Dodged            |    42 |    30 ||    72
Block: Buckler           |    26 |    16 ||    42
